[Event "Titled Tuesday Blitz May 30 Late 2023"]
[White "Rastbod, Ali"]
[Black "Hajiyev, Kanan"]
[WhiteFideId "12567477"]
[BlackFideId "13404148"]
[WhiteElo "2274"]
[BlackElo "2103"]
[Result "1/2-1/2"]
[Round "08"]
[TimeControl "180+2"]
[Date "2023.05.31"]
[WhiteClock "0:00:02"]
[BlackClock "0:00:06"]

1. e4 c6 2. Nf3 d5 3. Nc3 a6 4. h3 h6 5. d4 dxe4 6. Nxe4 Bf5 7. Ng3 Bh7 8. Bd3 Bxd3 9. Qxd3 Nf6 10. Qb3 b5 11. O-O e6 12. c4 Bd6 13. Ne5 O-O 14. a4 b4 15. Bf4 c5 16. dxc5 Bxc5 17. Rad1 Qb6 18. Nd3 Be7 19. c5 Qb7 20. Bd6 Nc6 21. Qc4 Rfd8 22. Nf4 Bxd6 23. cxd6 Rac8 24. Qe2 Nb8 25. Nfh5 Nbd7 26. Rc1 Rc6 27. Qf3 Rdc8 28. Kh2 Qb6 29. Rxc6 Qxc6 30. Qxc6 Rxc6 31. Rd1 Nxh5 32. Nxh5 e5 33. Ng3 g6 34. Rd2 f5 35. h4 h5 36. Ne2 Kf7 37. Ng1 Ke6 38. Nf3 Rxd6 39. Ng5+ Ke7 40. Rc2 e4 41. f3 exf3 42. gxf3 Ne5 43. Rc7+ Kf6 44. f4 Nd7 45. a5 Rd5 46. Kg3 Ke7 47. Rc6 Rd6 48. Rc4 b3 49. Rb4 Rd3+ 50. Kf2 Nc5 51. Ke2 Rh3 52. Rb6 Rh2+ 53. Ke3 Rxb2 54. Kd4 Ne4 55. Rb7+ Kd6 56. Rb6+ Kc7 57. Nf7 Rb1 58. Ke5 b2 59. Nd6 Nxd6 60. Kf6 Re1 61. Rxb2 Ne4+ 62. Kxg6 Rf1 63. Kxf5 Nc3 64. Rc2 Rf3 65. Kg5 Kd6 66. Kxh5 Nd5 67. Kg5 Rxf4 68. Rd2 Ra4 69. h5 Rxa5 70. h6 Ra1 71. Rh2 Rg1+ 72. Kf5 Rg8 73. h7 Rh8 74. Kg6 Kc5 75. Ra2 Nc7 76. Rc2+ Kb6 77. Kg7 Rxh7+ 78. Kxh7 Nb5 79. Kg6 a5 80. Kf6 a4 81. Ke5 Ka5 82. Kd5 Kb4 83. Rb2+ Kc3 84. Rxb5 a3 85. Ra5 Kb2 86. Rb5+ Kc3 87. Rc5+ Kb3 88. Kd4 a2 89. Ra5 Kb2 90. Rb5+ Kc2 91. Ra5 Kb2 92. Rb5+ Kc2 93. Rc5+ Kb2 94. Rb5+ 1/2-1/2


[Site "https://www.chess.com"]

[Event "Titled Tuesday Blitz May 30 Late 2023"]
[White "Bok, Benjamin"]
[Black "Jimenez Almeida, Luis David"]
[WhiteFideId "1017063"]
[BlackFideId "22242244"]
[WhiteElo "2657"]
[BlackElo "2245"]
[Result "1-0"]
[Round "08"]
[TimeControl "180+2"]
[Date "2023.05.31"]
[WhiteClock "0:01:23"]
[BlackClock "0:00:27"]

1. d4 g6 2. e4 Bg7 3. Nf3 c5 4. d5 d6 5. Bc4 Nf6 6. Nc3 O-O 7. O-O Na6 8. h3 Nc7 9. Re1 a6 10. a4 Nd7 11. Bf4 Rb8 12. a5 b5 13. axb6 Rxb6 14. Qc1 Nb5 15. Na4 Rb8 16. Bh6 Nf6 17. e5 dxe5 18. Nxe5 Nd4 19. Bxg7 Kxg7 20. c3 Nb3 21. Bxb3 Rxb3 22. Nxc5 Rb5 23. b4 a5 24. c4 Rxb4 25. Nc6 Qd6 26. Nxb4 Qxc5 27. Nc6 e6 28. Rxa5 Qxc6 29. dxc6 1-0


[Site "https://www.chess.com"]

[Event "Titled Tuesday Blitz May 30 Late 2023"]
[White "Gorovets, Andrey"]
[Black "Kleiman, Jake"]
[WhiteFideId "13504037"]
[BlackFideId "2020041"]
[WhiteElo "2459"]
[BlackElo "2597"]
[Result "1-0"]
[Round "08"]
[TimeControl "180+2"]
[Date "2023.05.31"]
[WhiteClock "0:01:43"]
[BlackClock "0:00:16"]

1. Nf3 Nf6 2. g3 e6 3. Bg2 d5 4. O-O b5 5. d3 Be7 6. c4 bxc4 7. dxc4 c6 8. Nc3 O-O 9. b3 Bb7 10. Qc2 Nbd7 11. Rd1 Qc8 12. Bf4 dxc4 13. bxc4 a6 14. Rab1 c5 15. Rxd7 Nxd7 16. Rxb7 Qxb7 17. Ng5 Qxg2+ 18. Kxg2 Bxg5 19. Bxg5 Rab8 20. Qa4 Ne5 21. Qxa6 Rb4 22. Be7 Re8 23. Bd6 1-0


[Site "https://www.chess.com"]

[Event "Titled Tuesday Blitz May 30 Late 2023"]
[White "Jarovinsky, Alexey"]
[Black "Hossain, Enamul"]
[WhiteFideId "14115131"]
[BlackFideId "10200649"]
[WhiteElo "2446"]
[BlackElo "2433"]
[Result "1-0"]
[Round "08"]
[TimeControl "180+2"]
[Date "2023.05.31"]
[WhiteClock "0:00:19"]
[BlackClock "0:00:01"]

1. Nc3 d5 2. e4 dxe4 3. Nxe4 Bf5 4. Qf3 Bg6 5. h4 Nc6 6. Bb5 e6 7. h5 Bxe4 8. Qxe4 Qd5 9. Qxd5 exd5 10. Nf3 h6 11. O-O Bd6 12. Re1+ Ne7 13. d4 O-O-O 14. c3 a6 15. Bd3 Rde8 16. Bd2 Nd8 17. Nh4 Ne6 18. g3 c6 19. Re2 Ng5 20. Rae1 Kd8 21. f4 Nh7 22. Bxh7 Rxh7 23. Nf5 Nxf5 24. Rxe8+ Kd7 25. Kg2 g6 26. hxg6 fxg6 27. Rg8 Ne7 28. Rf8 h5 29. Rf6 Rg7 30. Ree6 Bc7 31. Kh3 Bd8 32. a4 Bc7 33. b3 Ba5 34. Be1 Bd8 35. Kg2 Rh7 36. Kf3 Rg7 37. Kg2 Rh7 38. Kh3 Rg7 39. c4 Rh7 40. Bb4 Nf5 41. Rxg6 Nxd4 42. Rd6+ Kc7 43. cxd5 Be7 44. Ba5+ b6 45. Rxc6+ Nxc6 46. Rxc6+ Kd7 47. Bxb6 1-0


[Site "https://www.chess.com"]

[Event "Titled Tuesday Blitz May 30 Late 2023"]
[White "Halkias, Stelios"]
[Black "Pinheiro, Iung Alicio de O."]
[WhiteFideId "4201809"]
[BlackFideId "2104350"]
[WhiteElo "2451"]
[BlackElo "2283"]
[Result "1-0"]
[Round "08"]
[TimeControl "180+2"]
[Date "2023.05.31"]
[WhiteClock "0:00:34"]
[BlackClock "0:00:19"]

1. d4 Nf6 2. Nf3 e6 3. e3 c5 4. Bd3 b6 5. O-O Bb7 6. c4 Be7 7. Nc3 cxd4 8. exd4 d5 9. cxd5 Nxd5 10. Ne5 O-O 11. Qg4 f5 12. Qe2 Bf6 13. Bc4 Re8 14. Bd2 a6 15. Rac1 Nd7 16. f4 Bxe5 17. fxe5 Nf8 18. Kh1 b5 19. Bb3 Rc8 20. Nxd5 Rxc1 21. Nf6+ gxf6 22. Bxc1 fxe5 23. Qxe5 Bd5 24. Bh6 Qd7 25. Rxf5 Ng6 26. Rg5 Bxb3 27. axb3 Qf7 28. h4 Rc8 29. h5 1-0


[Site "https://www.chess.com"]

[Event "Titled Tuesday Blitz May 30 Late 2023"]
[White "Prohaszka, Peter"]
[Black "Shuvalov, Evgenij"]
[WhiteFideId "726265"]
[BlackFideId "4187237"]
[WhiteElo "2626"]
[BlackElo "2080"]
[Result "1-0"]
[Round "08"]
[TimeControl "180+2"]
[Date "2023.05.31"]
[WhiteClock "0:00:05"]
[BlackClock "0:00:18"]

1. d4 Nf6 2. Nf3 g6 3. c3 Bg7 4. Bg5 O-O 5. Nbd2 d5 6. e3 Nbd7 7. Be2 b6 8. a4 a6 9. h4 Bb7 10. h5 Nxh5 11. Ne5 Nhf6 12. f4 Ne4 13. Nxe4 dxe4 14. Bc4 Nxe5 15. fxe5 Bd5 16. Qb3 c6 17. Bxd5 cxd5 18. O-O-O Qd7 19. Bh6 Bxh6 20. Rxh6 Kg7 21. Rdh1 Rh8 22. g4 b5 23. Qc2 bxa4 24. Qh2 Rag8 25. Rxh7+ Rxh7 26. Qxh7+ Kf8 27. Rf1 Qe6 28. Kc2 Rg7 29. Qh8+ Rg8 30. Qh6+ Ke8 31. Qf4 Rf8 32. Rh1 Kd7 33. Qf1 Qc6 34. Rh7 Qc4 35. Qxc4 dxc4 36. Kb1 a3 37. bxa3 Ke6 38. Kc2 Rb8 39. Rh1 Rb3 40. Ra1 a5 41. a4 f6 42. exf6 Kxf6 43. Rf1+ Kg5 44. Rf4 Ra3 45. Rxe4 Ra2+ 46. Kc1 Rxa4 47. Kb2 Kf6 48. Re5 e6 49. g5+ Ke7 50. d5 Kd6 51. Rxe6+ Kxd5 52. Rxg6 Ke4 53. Rg8 Kxe3 54. g6 Rb4+ 55. cxb4 axb4 56. Rc8 Kd2 57. Rxc4 1-0


[Site "https://www.chess.com"]

[Event "Titled Tuesday Blitz May 30 Late 2023"]
[White "Martic, Ivan"]
[Black "Sieciechowicz, Marcin"]
[WhiteFideId "929301"]
[BlackFideId "1130170"]
[WhiteElo "2360"]
[BlackElo "2302"]
[Result "1-0"]
[Round "08"]
[TimeControl "180+2"]
[Date "2023.05.31"]
[WhiteClock "0:00:15"]
[BlackClock "0:00:01"]

1. c4 c6 2. Nc3 d5 3. d4 Nf6 4. Nf3 e6 5. cxd5 exd5 6. Bg5 h6 7. Bh4 Bf5 8. Bxf6 Qxf6 9. e3 Bd6 10. Bd3 Bxd3 11. Qxd3 O-O 12. O-O Nd7 13. Rab1 a5 14. Rfc1 Rfe8 15. a3 g5 16. Qd1 Kg7 17. g3 Nf8 18. Kg2 Ng6 19. Qd3 g4 20. Nd2 h5 21. e4 dxe4 22. Ndxe4 Qf5 23. Rd1 Bf8 24. f3 gxf3+ 25. Qxf3 Qxf3+ 26. Kxf3 Rad8 27. Rd2 c5 28. d5 Ne5+ 29. Kg2 Nc4 30. Rf2 Nd6 31. Nf6 Re5 32. a4 Be7 33. Rbf1 c4 34. h4 b6 35. Kh3 Bxf6 36. Rxf6 Rd7 37. R6f2 f5 38. Ne2 Rxd5 39. Nf4 Re5 40. Nxh5+ Kh6 41. Nf4 Ne4 42. Rc2 Rc7 43. Rfc1 Nd6 44. Rd2 Ne4 45. Rd8 b5 46. axb5 Rxb5 47. Rh8+ Kg7 48. Ra8 Rc6 49. Ra7+ Kh6 50. Rc2 c3 51. bxc3 Rxc3 52. Ra6+ Kh7 53. Rxc3 Nxc3 54. Ne6 a4 55. Ng5+ Kg8 56. h5 Ne4 57. Ne6 Rb3 58. Ra7 Rxg3+ 59. Kh2 Rg4 60. h6 Rh4+ 61. Kg2 Rxh6 62. Nf4 Nc5 63. Ra5 1-0


[Site "https://www.chess.com"]

[Event "Titled Tuesday Blitz May 30 Late 2023"]
[White "Mortazavi, Ali"]
[Black "Bashirli, Nail"]
[WhiteFideId "401323"]
[BlackFideId "13406809"]
[WhiteElo "2339"]
[BlackElo "2311"]
[Result "0-1"]
[Round "08"]
[TimeControl "180+2"]
[Date "2023.05.31"]
[WhiteClock "0:00:10"]
[BlackClock "0:00:05"]

1. Nf3 c5 2. g3 b6 3. Bg2 Bb7 4. O-O g6 5. d3 Bg7 6. e4 d6 7. a4 Nc6 8. Re1 e6 9. c3 Nge7 10. d4 cxd4 11. cxd4 O-O 12. Nc3 d5 13. e5 Rc8 14. Bf1 Nb4 15. h4 Nf5 16. h5 gxh5 17. Bh3 f6 18. Bxf5 exf5 19. e6 Re8 20. Nh4 Rc6 21. e7 Rxe7 22. Rxe7 Qxe7 23. Nxf5 Qe8 24. Qb3 a5 25. Bf4 Bf8 26. Nxd5 Nxd5 27. Qxd5+ Qe6 28. Qxe6+ Rxe6 29. Ne3 Re4 30. Rd1 h4 31. d5 hxg3 32. Bxg3 Bc8 33. d6 Bd7 34. Rc1 Kf7 35. Rc7 Ke6 36. Rb7 Rb4 37. Rb8 Bxd6 38. Bxd6 Kxd6 39. Rh8 Bxa4 40. Rxh7 Bb5 41. Nf5+ Ke6 42. Ng7+ Kd5 43. Rh5+ Kc4 44. Nf5 Rxb2 45. Kh2 Kc3 46. Ne3 Rxf2+ 47. Kg3 Rb2 48. Nd1+ Kc2 49. Nxb2 Be2 50. Rb5 Bxb5 51. Nd1 Kxd1 52. Kf2 Kc2 53. Ke3 a4 54. Kd4 a3 0-1


[Site "https://www.chess.com"]

[Event "Titled Tuesday Blitz May 30 Late 2023"]
[White "Kushko, Dmitriy"]
[Black "Bruedigam, Martin"]
[WhiteFideId "14162261"]
[BlackFideId "24608033"]
[WhiteElo "2230"]
[BlackElo "2331"]
[Result "1-0"]
[Round "08"]
[TimeControl "180+2"]
[Date "2023.05.31"]
[WhiteClock "0:01:08"]
[BlackClock "0:00:20"]

1. Nf3 d5 2. g3 Bg4 3. Bg2 Nd7 4. h3 Bxf3 5. Bxf3 c6 6. O-O e5 7. d3 Ngf6 8. Nc3 Be7 9. e4 dxe4 10. Nxe4 Nxe4 11. dxe4 O-O 12. h4 Bc5 13. Kg2 Qe7 14. c3 Rfd8 15. b4 Bb6 16. Bd2 a5 17. a3 Ba7 18. Qc2 Nf8 19. Rab1 axb4 20. axb4 b5 21. Ra1 Bb6 22. Ra2 Rab8 23. Rfa1 Ne6 24. Be1 Nc7 25. Qb3 Ne8 26. c4 Bd4 27. Rc1 Nd6 28. c5 Ne8 29. Rcc2 Nc7 30. Bg4 Qf6 31. Ra7 Ne6 32. Rca2 Nf8 33. R2a6 Ng6 34. Rxc6 1-0


[Site "https://www.chess.com"]

[Event "Titled Tuesday Blitz May 30 Late 2023"]
[White "Kourkoulos-Arditis, Stamatis"]
[Black "Dragomirescu, Robin-Alexandru"]
[WhiteFideId "4221990"]
[BlackFideId "1213849"]
[WhiteElo "2400"]
[BlackElo "2356"]
[Result "1-0"]
[Round "08"]
[TimeControl "180+2"]
[Date "2023.05.31"]
[WhiteClock "0:00:03"]
[BlackClock "0:00:02"]

1. d4 Nf6 2. Nc3 d5 3. Bf4 a6 4. e3 Bf5 5. Nf3 e6 6. Ne5 Nbd7 7. g4 Be4 8. f3 Bg6 9. h4 h6 10. Nxg6 fxg6 11. Bd3 Kf7 12. Qd2 c5 13. h5 g5 14. Bg3 Be7 15. Bg6+ Kg8 16. O-O-O b5 17. dxc5 b4 18. Ne2 Qa5 19. Kb1 Nxc5 20. Nd4 Qb6 21. Nb3 a5 22. Nxc5 Bxc5 23. e4 d4 24. Be5 Rd8 25. Qd3 Kf8 26. f4 Ke7 27. fxg5 hxg5 28. Rdf1 Bd6 29. Bxd4 Bc5 30. Bxc5+ Qxc5 31. Qa6 Rd6 32. Qe2 Qe5 33. Qc4 Rhd8 34. Rc1 Nxg4 35. Rhf1 Nf6 36. Qc7+ R8d7 37. Qb8 g4 38. Qh8 Nxe4 39. Qf8# 1-0


[Site "https://www.chess.com"]

[Event "Titled Tuesday Blitz May 30 Late 2023"]
[White "Estrada Nieto, Julian"]
[Black "Vlassov, Nikolai"]
[WhiteFideId "5101018"]
[BlackFideId "4103360"]
[WhiteElo "2161"]
[BlackElo "2324"]
[Result "0-1"]
[Round "08"]
[TimeControl "180+2"]
[Date "2023.05.31"]
[WhiteClock "0:00:02"]
[BlackClock "0:00:25"]

1. d4 Nf6 2. Nf3 e6 3. g3 b5 4. Bg2 Bb7 5. O-O c5 6. Bg5 Na6 7. c3 Be7 8. Nbd2 O-O 9. a4 b4 10. Nb3 bxc3 11. bxc3 cxd4 12. cxd4 Nb4 13. Nc5 Bd5 14. a5 h6 15. Bxf6 Bxf6 16. e4 Bc6 17. e5 Be7 18. Nd2 Bxg2 19. Kxg2 Bxc5 20. dxc5 Qc7 21. Qg4 Qxc5 22. Ne4 Qc6 23. Kg1 Nd3 24. Nf6+ Kh8 25. Nh5 g6 26. Rad1 Nxe5 27. Qd4 f6 28. f4 Ng4 29. h3 gxh5 30. hxg4 hxg4 31. Qxd7 Qxd7 32. Rxd7 Kg8 33. Rc1 Rf7 34. Rcc7 Rxd7 35. Rxd7 a6 36. Rd6 Kf7 37. Rd7+ Kg6 38. Rd6 Kf5 39. Kf2 h5 40. Ke3 Rc8 41. Rxa6 Rc3+ 42. Kf2 Ra3 43. Ra8 h4 44. gxh4 Kxf4 45. a6 Ra2+ 46. Kg1 f5 47. a7 Kg3 48. Kf1 f4 49. Ke1 f3 0-1


[Site "https://www.chess.com"]

[Event "Titled Tuesday Blitz May 30 Late 2023"]
[White "Kaplan, Avi Harrison"]
[Black "Aldokhin, Ivan"]
[WhiteFideId "30934559"]
[BlackFideId "24115720"]
[WhiteElo "1983"]
[BlackElo "2322"]
[Result "0-1"]
[Round "08"]
[TimeControl "180+2"]
[Date "2023.05.31"]
[WhiteClock "0:01:38"]
[BlackClock "0:01:46"]

1. g3 Nf6 2. Bg2 g6 3. d3 Bg7 4. Nf3 O-O 5. O-O Nc6 6. c4 d5 7. cxd5 Nxd5 8. a3 h6 9. Qc2 e5 10. Nc3 Nde7 11. Bd2 g5 12. Rac1 g4 13. Nh4 Nd4 14. Qd1 Be6 15. e3 Nb3 16. Rc2 Qxd3 17. Bxb7 Rad8 18. Bc1 Bc4 19. Qd2 Qxf1# 0-1


[Site "https://www.chess.com"]

[Event "Titled Tuesday Blitz May 30 Late 2023"]
[White "Becerra, Juan David"]
[Black "Bryakin, Mikhail"]
[WhiteFideId "4404998"]
[BlackFideId "4165314"]
[WhiteElo "2304"]
[BlackElo "2467"]
[Result "0-1"]
[Round "08"]
[TimeControl "180+2"]
[Date "2023.05.31"]
[WhiteClock "0:00:08"]
[BlackClock "0:01:55"]

1. e4 e6 2. d4 Ne7 3. Bd3 d5 4. Nc3 g6 5. h4 h6 6. Nf3 Bg7 7. Ne2 Nbc6 8. c3 b6 9. e5 a5 10. h5 g5 11. Nh2 Ba6 12. Bc2 Nf5 13. Ng4 Qe7 14. Ne3 Nxe3 15. Bxe3 O-O-O 16. a4 f5 17. f4 Bf8 18. Qd2 Qf7 19. Kf2 Be7 20. g3 Rhg8 21. Bd3 Bxd3 22. Qxd3 Kb7 23. b4 axb4 24. a5 Ra8 25. axb6 cxb6 26. cxb4 Bxb4 27. Qb5 Qd7 28. Rhb1 Ra5 29. Rxb4 Rxb5 30. Rxb5 Nxe5 31. Rab1 Nc4 0-1


[Site "https://www.chess.com"]

[Event "Titled Tuesday Blitz May 30 Late 2023"]
[White "Prem, Pranav"]
[Black "Papasimakopoulos, Alexandros"]
[WhiteFideId "30901057"]
[BlackFideId "4244125"]
[WhiteElo "1970"]
[BlackElo "2359"]
[Result "1-0"]
[Round "08"]
[TimeControl "180+2"]
[Date "2023.05.31"]
[WhiteClock "0:00:07"]
[BlackClock "0:00:06"]

1. d4 Nf6 2. c4 e6 3. Nf3 Bb4+ 4. Bd2 Qe7 5. g3 Nc6 6. Bg2 Bxd2+ 7. Qxd2 Ne4 8. Qc2 Qb4+ 9. Kf1 d5 10. b3 O-O 11. a3 Qe7 12. Nc3 Nxc3 13. Qxc3 Bd7 14. Kg1 Rad8 15. h4 dxc4 16. Qxc4 Qd6 17. Kh2 Ne7 18. Rhd1 Bc6 19. b4 a6 20. Qc2 Nf5 21. e3 Nh6 22. Ng5 Ng4+ 23. Kg1 Nf6 24. Bxc6 bxc6 25. Rac1 a5 26. Qxc6 axb4 27. Qxd6 cxd6 28. axb4 Rb8 29. Rb1 Rb5 30. Rb3 Rfb8 31. Rdb1 h6 32. Nf3 Nd5 33. Ne1 Rxb4 34. Rxb4 Rxb4 35. Rxb4 Nxb4 36. Kg2 f5 37. f3 Kf7 38. Kf2 Ke7 39. Ng2 g5 40. hxg5 hxg5 41. Ne1 Kd7 42. Ke2 Kc6 43. Nd3 Nxd3 44. Kxd3 Kb5 45. Kc3 Ka4 46. Kc4 Ka5 47. Kc3 Kb5 48. Kb3 d5 49. Kc3 Ka4 50. g4 fxg4 51. fxg4 Ka3 52. Kc2 Ka2 53. Kc3 Kb1 54. e4 dxe4 55. Kd2 Kb2 56. Ke3 Kc3 57. Kxe4 Kc4 58. Ke5 Kd3 59. Kxe6 Ke4 60. d5 Kf4 61. d6 Kxg4 62. d7 Kg3 63. d8=Q g4 64. Qd1 Kh3 65. Qg1 g3 66. Kf5 Kh4 67. Kf4 g2 68. Qxg2 Kh5 69. Qg5# 1-0


[Site "https://www.chess.com"]

[Event "Titled Tuesday Blitz May 30 Late 2023"]
[White "Pakleza, Zbigniew"]
[Black "Chylewski, Patryk"]
[WhiteFideId "1119290"]
[BlackFideId "1186191"]
[WhiteElo "2410"]
[BlackElo "2163"]
[Result "1-0"]
[Round "08"]
[TimeControl "180+2"]
[Date "2023.05.31"]
[WhiteClock "0:00:02"]
[BlackClock "0:00:03"]

1. d4 Nf6 2. Nf3 d5 3. Bf4 e6 4. Nbd2 c5 5. c3 Nc6 6. e3 cxd4 7. cxd4 Qb6 8. Qb3 Qxb3 9. Nxb3 Bd7 10. a3 Be7 11. Bd3 O-O 12. Ke2 Rfc8 13. Rhc1 Ne8 14. Nc5 Bxc5 15. Rxc5 b6 16. Rc3 Na5 17. Rac1 Rxc3 18. Rxc3 Rc8 19. Kd2 Rxc3 20. Kxc3 Nc6 21. b4 f6 22. b5 Ne7 23. Bb8 Nc8 24. a4 g6 25. e4 Kf7 26. e5 f5 27. Kb4 Kg7 28. a5 h6 29. Nd2 Kf7 30. Nb1 Ke7 31. Nc3 Kd8 32. a6 Nc7 33. Na4 Na8 34. h3 Ke7 35. g4 Be8 36. f3 Bf7 37. Nc3 Be8 38. h4 fxg4 39. fxg4 g5 40. hxg5 hxg5 41. Ne2 Kf7 42. Ng1 Kg7 43. Nf3 Kh6 44. Be2 Bd7 45. Bd1 Be8 46. Be2 Bd7 47. Kc3 Be8 48. Ng1 Bd7 49. Nh3 Kg6 50. Bd3+ Kh6 51. Bc2 Be8 52. Bd3 Bd7 53. Be2 Be8 54. Bd6 Bd7 55. Bf8+ Kg6 56. Bd3+ Kf7 57. Bb4 Nc7 58. Nxg5+ Kg7 59. Kd2 1-0


[Site "https://www.chess.com"]

[Event "Titled Tuesday Blitz May 30 Late 2023"]
[White "Tanenbaum, Zachary"]
[Black "SergioMoralesG"]
[WhiteFideId "2060850"]
[WhiteElo "2175"]
[BlackElo "2524"]
[Result "0-1"]
[Round "08"]
[TimeControl "180+2"]
[Date "2023.05.31"]
[WhiteClock "0:00:06"]
[BlackClock "0:00:10"]

1. e4 c5 2. Nf3 d6 3. d4 cxd4 4. Nxd4 Nf6 5. Nc3 a6 6. Be3 e5 7. Nb3 Be6 8. f4 exf4 9. Bxf4 Be7 10. Qe2 Nc6 11. h3 Ne5 12. O-O-O Qc7 13. Kb1 Rc8 14. g4 O-O 15. g5 Nfd7 16. Qg2 Nb6 17. Nd5 Nxd5 18. exd5 Bf5 19. Nd4 Bd7 20. h4 Qb6 21. Be3 Rc5 22. Nb3 Bf5 23. Nxc5 dxc5 24. d6 Bxd6 25. Qd5 Bb8 26. Bxc5 Qg6 27. Rh2 Re8 28. Re2 Bg4 29. Rxe5 Bxe5 30. Qxe5 Qxc2+ 31. Kxc2 Bxd1+ 32. Kxd1 Rxe5 33. Bf2 f6 34. Bc4+ Kf8 35. gxf6 gxf6 36. Kd2 Rf5 37. Bg3 Ke7 38. Bd3 Rd5 39. Ke3 h5 40. Be4 Rb5 41. b3 Ke6 42. Bd3 Rc5 43. b4 Rc1 44. Kd4 b5 45. a3 Ra1 46. Bc7 Rxa3 47. Ba5 Ra1 48. Bg6 Rh1 49. Bxh5 Rxh4+ 50. Kc5 Rxh5+ 51. Kb6 f5 52. Kxa6 f4 53. Bb6 f3 54. Bc5 Rd5 55. Kxb5 f2 56. Kc6 Rxc5+ 57. bxc5 f1=Q 58. Kb7 Qb1+ 59. Kc7 Qc2 60. c6 Kd5 61. Kb6 Qxc6+ 62. Ka7 Qd6 63. Kb7 Kc5 64. Ka7 Kb5 65. Ka8 Qe7 66. Kb8 Kb6 67. Ka8 Qe8# 0-1


[Site "https://www.chess.com"]

[Event "Titled Tuesday Blitz May 30 Late 2023"]
[White "Timmermans, Mark"]
[Black "Liu, Casper"]
[WhiteFideId "1026399"]
[BlackFideId "1454153"]
[WhiteElo "2460"]
[BlackElo "2221"]
[Result "1-0"]
[Round "08"]
[TimeControl "180+2"]
[Date "2023.05.31"]
[WhiteClock "0:00:31"]
[BlackClock "0:00:07"]

1. e4 c5 2. Nf3 d6 3. d4 cxd4 4. Nxd4 Nf6 5. Nc3 Nc6 6. Nd5 e6 7. Nxf6+ Qxf6 8. Nb5 Qd8 9. Bf4 e5 10. Be3 a6 11. Nc3 Be7 12. Nd5 O-O 13. Qd2 Be6 14. c3 f5 15. exf5 Bxf5 16. Bd3 e4 17. Bc2 Ne5 18. O-O-O Nc4 19. Qd4 Nxe3 20. Nxe3 Bg5 21. Kb1 Bxe3 22. fxe3 d5 23. Bb3 Kh8 24. Bxd5 Qg5 25. h4 Qg4 26. Bxb7 Rab8 27. Bd5 Qxg2 28. Bb3 Bg4 29. Rhg1 Qe2 30. Rd2 Qf3 31. h5 Qh3 32. Rdg2 Rbd8 33. Bd5 Rf1+ 34. Rxf1 Qxg2 35. Bc4 Qxf1+ 36. Bxf1 Rxd4 37. cxd4 Bxh5 38. Bxa6 Bf3 39. Bc8 g5 40. a4 g4 41. a5 g3 42. Bh3 Bg4 43. Bg2 Bf3 44. a6 Bxg2 45. a7 Bf3 46. a8=Q+ Kg7 47. Qb8 g2 48. Qh2 1-0


[Site "https://www.chess.com"]

[Event "Titled Tuesday Blitz May 30 Late 2023"]
[White "Minko, Dmitry"]
[Black "Arabidze, Meri"]
[WhiteFideId "24188468"]
[BlackFideId "13604040"]
[WhiteElo "2147"]
[BlackElo "2405"]
[Result "0-1"]
[Round "08"]
[TimeControl "180+2"]
[Date "2023.05.31"]
[WhiteClock "0:00:02"]
[BlackClock "0:01:12"]

1. e4 c5 2. Nf3 e6 3. d4 cxd4 4. Nxd4 Nc6 5. Nxc6 bxc6 6. Bd3 Nf6 7. O-O d5 8. exd5 cxd5 9. b3 Be7 10. Bb2 O-O 11. Nd2 a5 12. Nf3 a4 13. Qe2 a3 14. Bd4 Bb7 15. Rad1 h6 16. Ne5 Qc7 17. Rfe1 Ne4 18. Qg4 Bf6 19. Bxe4 dxe4 20. Nd7 Bxd4 21. Nxf8 Rd8 22. Nxe6 fxe6 23. Qxe6+ Kh8 24. Qc4 Qb6 25. Kh1 Bxf2 26. Rf1 e3 27. Qg4 Re8 0-1


[Site "https://www.chess.com"]

[Event "Titled Tuesday Blitz May 30 Late 2023"]
[White "Toncheva, Nadya"]
[Black "Bernabeu Lopez, Carlos Javier"]
[WhiteFideId "2924056"]
[BlackFideId "2235366"]
[WhiteElo "2101"]
[BlackElo "2344"]
[Result "1/2-1/2"]
[Round "08"]
[TimeControl "180+2"]
[Date "2023.05.31"]
[WhiteClock "0:00:06"]
[BlackClock "0:01:15"]

1. d4 Nf6 2. c4 g6 3. Nc3 Bg7 4. e4 d6 5. Be2 O-O 6. Bg5 c5 7. d5 b5 8. cxb5 a6 9. bxa6 Qa5 10. Qd2 Bxa6 11. Bxa6 Qxa6 12. Nge2 Nbd7 13. O-O Rfb8 14. Rab1 Ne5 15. b3 Qd3 16. Qxd3 Nxd3 17. Rfd1 Nb4 18. a4 h6 19. Bf4 Nd7 20. Nb5 Ne5 21. Nc1 Rb7 22. h3 g5 23. Be3 Nc2 24. Bd2 Rab8 25. Kf1 Ra8 26. Bc3 c4 27. Bxe5 Bxe5 28. bxc4 Rxa4 29. Nd3 Rxc4 30. Nxe5 dxe5 31. d6 exd6 32. Nxd6 Rxb1 33. Rxb1 Rd4 34. Rb8+ Kh7 35. Nxf7 Rxe4 36. g3 Re1+ 37. Kg2 e4 38. Rb6 e3 39. fxe3 Re2+ 40. Kf3 Rxe3+ 41. Kf2 Re7 42. Nxh6 Nd4 43. Ng4 Re2+ 44. Kf1 Ra2 45. Rb7+ Kg6 46. Rb6+ Kg7 47. h4 gxh4 48. gxh4 Nf5 49. h5 Ng3+ 50. Ke1 Nxh5 51. Ne5 Nf4 52. Rb7+ Kf6 53. Nf3 Nd3+ 54. Kd1 Kf5 55. Nd2 Nf2+ 56. Ke2 Ne4 57. Rd7 Ke6 58. Rd8 Nc3+ 59. Ke3 Nb5 60. Re8+ Kd7 61. Rh8 Nd6 62. Rh7+ Kc6 63. Ne4 Ra3+ 64. Kf4 Ra4 65. Re7 Kd5 66. Re5+ Kc6 67. Re6 Kc7 68. Rxd6 Rxe4+ 69. Kxe4 Kxd6 1/2-1/2


[Site "https://www.chess.com"]

[Event "Titled Tuesday Blitz May 30 Late 2023"]
[White "Zhao, Erick"]
[Black "Jovic, Stanoje"]
[WhiteFideId "30946930"]
[BlackFideId "905020"]
[WhiteElo "2605"]
[BlackElo "2236"]
[Result "1-0"]
[Round "08"]
[TimeControl "180+2"]
[Date "2023.05.31"]
[WhiteClock "0:00:26"]
[BlackClock "0:00:05"]

1. c4 e5 2. Nc3 Nf6 3. e3 Nc6 4. d4 exd4 5. exd4 d5 6. cxd5 Nxd5 7. Nf3 Bb4 8. Bd2 O-O 9. Be2 Bg4 10. O-O Re8 11. h3 Bh5 12. a3 Nxc3 13. bxc3 Bd6 14. Re1 h6 15. Rb1 Rb8 16. Rb5 Bg6 17. a4 a6 18. Rb2 Qf6 19. Be3 Ne7 20. Ne5 Bxe5 21. dxe5 Qxe5 22. Bd4 Qa5 23. Bf3 b6 24. Rbe2 Kf8 25. Qa1 Nf5 26. Qa3+ c5 27. Be5 Rbd8 28. g4 Ne7 29. c4 Rd3 30. Qb2 Rxf3 31. Bxg7+ Kg8 32. Rxe7 Rxe7 33. Rxe7 f6 34. Bxf6 Qb4 35. Rg7+ Kf8 36. Qe5 Qb1+ 37. Kg2 Qe4 38. Qb8+ Qe8 39. Qd6+ 1-0


[Site "https://www.chess.com"]

[Event "Titled Tuesday Blitz May 30 Late 2023"]
[White "Bjelobrk, Igor"]
[Black "Kielinkei"]
[WhiteFideId "4300726"]
[WhiteElo "2319"]
[BlackElo "2489"]
[Result "1-0"]
[Round "08"]
[TimeControl "180+2"]
[Date "2023.05.31"]
[WhiteClock "0:00:11"]
[BlackClock "0:00:03"]

1. d4 Nf6 2. c4 e6 3. g3 c5 4. d5 exd5 5. cxd5 b5 6. e4 Nxe4 7. Bg2 Nd6 8. Nf3 Be7 9. O-O O-O 10. Bf4 Na6 11. Re1 Bb7 12. Nc3 Nc7 13. Bxd6 Bxd6 14. Ne4 Ne8 15. Rc1 Rc8 16. Qd2 f5 17. Nxd6 Nxd6 18. Qf4 Qf6 19. Ne5 Rc7 20. b4 c4 21. Qd4 Re8 22. f4 Ba8 23. Rc3 Nf7 24. Rce3 d6 25. Nc6 Qxd4 26. Nxd4 Rxe3 27. Rxe3 Rc8 28. Nxf5 Kf8 29. Nd4 c3 30. Be4 Rc4 31. Nc2 g5 32. Kf2 gxf4 33. gxf4 Nh6 34. Kf3 Bb7 35. Rd3 Bc8 36. Bxh7 Bg4+ 37. Kg3 Be2 38. Re3 Bd1 39. h3 Kg7 40. Bd3 Rc7 41. Re6 Nf7 42. Kf2 Kf8 43. Ke1 Bxc2 44. Bxc2 Rc4 45. f5 Rxb4 46. Ke2 Rb2 47. Kd3 Ne5+ 48. Kxc3 Rxa2 49. Rxd6 Ra3+ 50. Kb2 Rxh3 51. Re6 Nf3 52. d6 Nd4 53. Re4 Nxc2 54. Kxc2 Rh7 55. Re5 Rd7 56. Rd5 Kf7 57. Kb3 a6 58. Kb4 Kf6 59. Kc5 Rd8 60. Kc6 Rc8+ 61. Kb7 Rd8 62. Kc7 Ra8 63. d7 b4 64. d8=Q+ Rxd8 65. Kxd8 a5 66. Rxa5 b3 67. Rb5 b2 68. Rxb2 Kxf5 1-0


[Site "https://www.chess.com"]